 Dungeon Crawl Stone Soup version 0.20.0-1-g1cb1d84 (webtiles) character file.

143340 inmateoo the Severer (level 17, -2/108 HPs)
             Began as a Gargoyle Fighter on May 26, 2017.
             Was the Champion of Okawaru.
             Slain by a wolf spider (10 damage)
             ... on level 4 of the Spider Nest.
             The game lasted 00:37:40 (26857 turns).

inmateoo the Severer (Gargoyle Fighter)            Turns: 26857, Time: 00:37:42

Health: -2/108     AC: 33    Str: 25    XL:     17   Next: 37%
Magic:  0/24       EV:  9    Int: 15    God:    Okawaru [******]
Gold:   761        SH:  0    Dex: 21    Spells: 8/16 levels left

rFire    + . .     SeeInvis +   r - +8 broad axe (vamp)
rCold    . . .     Gourm    .   c - +0 shield
rNeg     + . .     Faith    .   F - +9 plate armour of Qazlal's Condemnation {MR+ Int+4}
rPois    ∞         Spirit   +   P - +2 hat {SInv}
rElec    +         Reflect  .   Q - scarf {repulsion}
rCorr    +         Harm     .   k - +2 pair of gloves {Dex+3}
MR       ++...                  S - +0 pair of boots
Stlth    ..........             o - amulet of guardian spirit
Regen    0.3/turn               i - ring "Nuryokof" {*Drain rF+ Dex+2 Slay+5 Stlth+}
MPRegen  0.2/turn               A - ring of resist corrosion

@: agile, corroded, held, slowed, repel missiles, very slow
A: big wings, fangs 1, hooves 1, agile 1, negative energy resistance 1, shaggy
fur 1, electricity resistance, unbreathing, petrification resistance, rot
immunity, AC +12
a: Fly, Heroism, Finesse, Renounce Religion


You were on level 4 of the Spider Nest.
You worshipped Okawaru.
Okawaru was exalted by your worship.
You were full.

You visited 5 branches of the dungeon, and saw 28 of its levels.
You visited the Abyss 1 time.
You also visited: Ossuary.

You collected 2622 gold pieces.
You spent 1861 gold pieces at shops.

Inventory:

Hand Weapons
 r - a +8 vampiric broad axe (weapon)
Armour
 c - a +0 shield (worn)
 k - a +2 pair of gloves of dexterity (worn)
 F - the +9 plate armour of Qazlal's Condemnation (worn) {MR+ Int+4}
   (You found it on level 3 of the Spider Nest)

   It affects your intelligence (+4).
   It affects your resistance to hostile enchantments.
 P - a +2 hat of see invisible (worn)
 Q - a scarf of repulsion (worn)
 S - a +0 pair of boots (worn)
Jewellery
 i - the ring "Nuryokof" (left hand) {*Drain rF+ Dex+2 Slay+5 Stlth+}
   (You found it on level 6 of the Lair of Beasts)

   [ring of dexterity]

   It affects your dexterity (+2).
   It affects your accuracy and damage with ranged weapons and melee attacks
   (+5).
   It protects you from fire.
   It causes draining when unequipped.
   It makes you more stealthy.
 o - an amulet of guardian spirit (around neck)
 y - the ring of the Ancient Orbs {rElec rC+ rN+ Str+4}
   (You bought it in a shop on level 2 of the Orcish Mines)

   [ring of positive energy]

   It affects your strength (+4).
   It protects you from cold.
   It insulates you from electricity.
   It protects you from negative energy.
 A - a ring of resist corrosion (right hand)
 V - an uncursed ring of protection from magic
Wands
 a - a wand of lightning (11/15)
Scrolls
 h - 4 scrolls of blinking
 l - 6 scrolls of fog
 p - 4 scrolls of remove curse
 u - 8 scrolls of teleportation
 x - 4 scrolls of magic mapping
 H - 4 scrolls of holy word
 K - 6 scrolls of amnesia
 T - 7 scrolls of identify
 W - 4 scrolls of enchant armour
 X - 10 scrolls of recharging
Potions
 b - 5 potions of mutation
 d - 7 potions of might
 e - 3 potions of ambrosia
 g - 3 potions of brilliance
 m - 7 potions of agility
 n - 2 potions of magic
 q - 2 potions of heal wounds
 t - 11 potions of curing
 v - 3 potions of cancellation
 z - 5 potions of haste
 C - 3 potions of berserk rage
 D - 3 potions of lignification
Miscellaneous
 w - 2 sacks of spiders
Comestibles
 f - 17 bread rations
 j - 10 meat rations
 B - 4 royal jellies
 I - 13 fruits


   Skills:
 * Level 12.5 Fighting
 * Level 18.0 Axes
 + Level 11.6 Armour
 + Level 8.4 Dodging
 + Level 11.5 Shields
 - Level 9.4 Invocations
 - Level 6.2 Evocations


You had 8 spell levels left.
You knew the following spells:

 Your Spells              Type           Power        Failure   Level  Hunger
a - Passwall              Tmut/Erth      #.........   99%         2    ###....
b - Swiftness             Chrm/Air       #.......     99%         2    ###....
c - Passage of Golubria   Tloc           N/A          100%        4    #####..


Dungeon Overview and Level Annotations

Branches:
Dungeon (15/15)            Temple (1/1) D:6            Lair (6/6) D:9
 Shoals (0/4) Lair:2       Spider (4/4) Lair:2        Slime (0/5) Lair:6
    Orc (2/2) D:10            Elf (0/3) Orc:2        Vaults (0/5) D:14
 Depths (0/5) D:15

Altars:
Ashenzari
Cheibriados
Dithmenos
Elyvilon
Fedhas
Gozag
Hepliaklqana
Kikubaaqudgha
Makhleb
Okawaru
Qazlal
Ru
Sif Muna
Trog
Uskayaw
Vehumet
Xom
Yredelemnul
Zin
The Shining One
Beogh

Shops:
D:4 *   D:5 *   D:6 (   D:8 %}(*   Orc:2 *[[(=

Annotations:
D:15 exclusion: Roxanne, Roxanne
Lair:6 exclusion: 3 oklob plants


Innate Abilities, Weirdness & Mutations

You are resistant to torment.
Your stone body is resilient. (AC +12)
You are immune to poison.
Your large and strong wings let you fly indefinitely.
You resist negative energy. (rN+)
You are resistant to electric shocks. (rElec)
You can survive without breathing.
You are immune to petrification.
You are immune to rotting.
You have very sharp teeth.
You have large cloven feet.
You are agile. (Dex +2)
You are covered in fur. (AC +1)


Message History

* * * LOW HITPOINT WARNING * * *
The wolf spider closely misses you.
The jumping spider leaps!
The redback bites you but does no damage.
The redback misses you.
You hear an angry hiss.
The entropy weaver casts a spell.
The ghost moth stares at you.
The wolf spider hits you but does no damage.
The wolf spider closely misses you. The ghost moth stares at you.
The redback barely misses you. The redback closely misses you.
Unknown command.
You feel much better. The wolf spider hits you!!
* * * LOW HITPOINT WARNING * * *
The wolf spider bites you but does no damage.
The redback bites you but does no damage.
The redback bites you.
* * * LOW HITPOINT WARNING * * *
The jumping spider rages.
The wolf spider hits you!
You die...

##..#### #### ###.. #..##
#.##^ ##..# ##.... ##.#
#†...# . #.# #..†## ..
#.# #..## ... #.# ##...#
#.. #.# ###...## ##.y
##@## ###.....##
.#..s.#sss# ##........#
.§..ywyssy####...#.....#
...§yyssay.......###..###
....s.'yy.####..........#
.#.(..#...# #.........##
##...##.## #...##....#
#s... #.# #...##..###
..?.## #.# #^...#...#


You could see 3 ghost moths, an entropy weaver, a torpor snail (berserk), a wolf
spider (berserk), 2 moths of wrath, 2 hornets, 3 jumping spiders, 2 tarantellas
and 3 redbacks.

Vanquished Creatures
  Arachne (Spider:2)
  Kirke (Lair:4)
  Gastronok (D:11)
  Aizul (Spider:2)
  A ghost moth (Spider:4)
  2 orc warlords
  2 emperor scorpions
  A red draconian (Abyss:1)
  A fire dragon (Lair:6)
  4 vault guards (D:14)
  An ogre mage (D:15)
  6 hydras
  Erica (Lair:2)
  8 centaur warriors
  A catoblepas (D:15)
  16 two-headed ogres
  A vampire mage (D:15)
  4 orc high priests (Orc:2)
  2 skeletal warriors (D:15)
  4 unseen horrors
  A lindwurm (Lair:6)
  A necromancer (D:15)
  5 orc knights
  14 orb spiders
  17 wolf spiders
  11 ugly things
  2 cyclopes (Orc:2)
  A manticore (D:12)
  4 orc sorcerers
  A moth of wrath (shapeshifter) (D:13)
  3 oklob plants (Lair:5)
  A shining eye (shapeshifter) (D:14)
  Maurice (D:13)
  7 black mambas
  2 molten gargoyles (Lair:6)
  11 spiny frogs
  2 centaur skeletons
  A kobold demonologist (D:14)
  A torpor snail (Spider:4)
  3 gargoyles
  A spriggan zombie (D:15)
  An efreet (D:14)
  The ghost of removed the Ducker, a novice DEAM (D:5)
  10 demonic crawlers
  A spriggan skeleton (D:15)
  15 komodo dragons
  2 tengu conjurers (D:14)
  12 trolls
  A meliai (shapeshifter) (D:14)
  2 merfolk
  2 polar bears
  3 hornets
  24 jumping spiders
  3 dream sheep
  4 slime creatures (D:14)
  Prince Ribbit (D:9)
  6 hippogriffs
  13 blink frogs
  21 yaks
  75 redbacks
  A shadow (D:13)
  11 wyverns
  2 vampires
  16 tarantellas
  Sigmund (D:3)
  Grum (D:9)
  9 hogs
  A neqoxec (Abyss:1)
  4 hungry ghosts
  3 basilisks
  2 steam dragons (Lair:6)
  5 vampire mosquitoes
  3 wargs (Orc:1)
  A soldier ant (D:13)
  5 hell hounds (Lair:6)
  10 water moccasins
  10 porcupines
  41 orc warriors
  A sky beast (D:6)
  11 black bears
  5 ice beasts
  A hornet zombie (D:9)
  15 ogres
  An eye of draining (D:14)
  A necrophage (D:13)
  23 wolves
  20 centaurs
  2 small abominations (Abyss:1)
  10 crocodiles
  18 bullfrogs
  10 big kobolds
  4 gnoll sergeants
  A wyvern zombie (D:14)
  A wyvern skeleton (D:10)
  8 scorpions
  4 killer bees (D:13)
  13 wights
  4 howler monkeys
  3 electric eels (D:9)
  5 centaur zombies
  4 crimson imps
  4 bullfrog zombies
  5 lava snakes (Lair:6)
  A quasit (D:13)
  6 jellies
  20 orc priests
  A gnoll shaman (D:9)
  8 hounds
  2 iguanas
  30 orc wizards
  5 bullfrog skeletons
  Jessica (D:2)
  Terence (D:3)
  7 worker ants
  5 big kobold zombies (Ossuary)
  2 hound skeletons
  6 mummies (Ossuary)
  A howler monkey zombie (D:5)
  8 gnolls
  12 adders
  5 shadow imps
  An ooze (D:2)
  2 adder zombies
  An adder skeleton (D:4)
  7 worms
  3 dart slugs
  3 leopard geckos
  105 orcs
  5 bats
  8 giant cockroaches
  7 goblins
  14 hobgoblins
  17 jackals
  5 quokkas
  2 ball pythons
  5 frilled lizards
  A hobgoblin zombie (Ossuary)
  4 kobolds
  A leopard gecko zombie (D:6)
  A quokka skeleton (D:4)
  16 rats
  8 fungi
  12 plants
995 creatures vanquished.

Vanquished Creatures (others)
  An ancient zyme (Abyss:1)
  A redback (Spider:4)
  A tarantella (Spider:4)
  A howler monkey (D:14)
  A hound skeleton (D:8)
  3 fungi
  A plant (Lair:6)
  4 withered plants (D:15)
13 creatures vanquished.

Grand Total: 1008 creatures vanquished

Notes
Turn   | Place    | Note
-------+----------+-------------------------------------------
     0 | D:1      | inmateoo the Gargoyle Fighter began the quest for the Orb.
     0 | D:1      | Reached XP level 1. HP: 14/14 MP: 1/1
    20 | D:1      | Reached skill level 2 in Axes
    40 | D:1      | Reached XP level 2. HP: 19/19 MP: 2/2
   319 | D:1      | Reached skill level 3 in Axes
   335 | D:1      | Reached XP level 3. HP: 17/23 MP: 3/3
   755 | D:2      | Reached XP level 4. HP: 28/28 MP: 4/4
   805 | D:2      | Found an opulent altar of Gozag.
   845 | D:2      | Reached skill level 4 in Axes
   859 | D:2      | Noticed Jessica
   867 | D:2      | Killed Jessica
   975 | D:2      | Reached XP level 5. HP: 32/32 MP: 5/5
  1392 | D:3      | Noticed Sigmund
  1400 | D:3      | Killed Sigmund
  1400 | D:3      | Reached skill level 6 in Axes
  1400 | D:3      | Reached XP level 6. HP: 37/37 MP: 6/6
  1689 | D:3      | Noticed Terence
  1696 | D:3      | Killed Terence
  1763 | D:3      | Found a faded altar of an unknown god.
  1819 | D:4      | Reached skill level 1 in Evocations
  1819 | D:4      | Reached XP level 7. HP: 41/41 MP: 6/8
  1960 | D:4      | Found Ezyqeoc's General Store.
  1976 | D:4      | Bought 2 potions of berserk rage for 140 gold pieces
  2090 | D:4      | Found an ancient bone altar of Kikubaaqudgha.
  2307 | D:5      | Entered Level 5 of the Dungeon
  2307 | D:5      | Found Ilat's Assorted Antiques.
  2309 | D:5      | Noticed removed's ghost (novice DEAM)
  2349 | D:5      | Killed removed's ghost
  2349 | D:5      | Reached skill level 7 in Axes
  2349 | D:5      | Reached XP level 8. HP: 11/46 MP: 8/10
  2710 | D:5      | Found a glowing golden altar of the Shining One.
  2742 | D:5      | Found a hazy altar of Hepliaklqana.
  3075 | D:5      | Bought an orange potion for 27 gold pieces
  3075 | D:5      | Bought a scroll labeled COIH FUHUSOODETT for 30 gold pieces
  3374 | D:5      | Found a shadowy altar of Dithmenos.
  3607 | D:6      | Found a staircase to the Ecumenical Temple.
  3653 | D:6      | Reached skill level 8 in Axes
  3685 | Temple   | Entered the Ecumenical Temple
  3993 | D:6      | Reached skill level 5 in Evocations
  4083 | D:6      | Found Nisieg's Weapon Boutique.
  4241 | D:6      | Reached XP level 9. HP: 21/51 MP: 13/13
  4268 | D:6      | Gained mutation: You have large cloven feet. [mutagenic meat]
  4269 | D:6      | Gained mutation: Your body sometimes deteriorates upon taking damage. [mutagenic meat]
  4271 | D:6      | Gained mutation: Your muscles are strong. (Str +2) [mutagenic meat]
  4908 | D:7      | Reached skill level 9 in Axes
  5005 | D:7      | Found a sand-covered staircase.
  5030 | Ossuary  | Entered an ossuary
  5644 | D:7      | Found a hide-covered altar of Uskayaw.
  5861 | D:7      | Reached XP level 10. HP: 29/58 MP: 14/14
  6046 | D:7      | Reached skill level 10 in Axes
  6130 | D:7      | Reached skill level 5 in Fighting
  6130 | D:7      | Reached skill level 5 in Armour
  6236 | D:7      | Found an iron altar of Okawaru.
  6470 | D:7      | Became a worshipper of Warmaster Okawaru
  6566 | D:8      | Found Xylatax's Gadget Emporium.
  6624 | D:8      | Found a deep blue altar of Sif Muna.
  6636 | D:8      | Found Vestriomm's Weapon Boutique.
  6681 | D:8      | Noticed a two-headed ogre
  6688 | D:8      | Killed a two-headed ogre
  6688 | D:8      | Reached * piety under Okawaru
  6821 | D:8      | Found a stormy altar of Qazlal.
  6947 | D:8      | Found Caamad's Serpentskin Sales.
  7058 | D:8      | Found Iteadec's Food Shoppe.
  7186 | D:8      | Noticed a two-headed ogre
  7502 | D:8      | Killed a two-headed ogre
  7502 | D:8      | Reached ** piety under Okawaru
  7502 | D:8      | Reached skill level 11 in Axes
  7800 | D:8      | Noticed a three-headed hydra
  7805 | D:8      | Killed a one-headed hydra
  7805 | D:8      | Reached *** piety under Okawaru
  7805 | D:8      | Reached skill level 5 in Invocations
  7805 | D:8      | Reached XP level 11. HP: 54/63 MP: 15/15
  7898 | D:9      | Noticed Prince Ribbit
  7907 | D:9      | Killed Prince Ribbit
  7947 | D:9      | Reached skill level 12 in Axes
  8096 | D:9      | Found a staircase to the Lair.
  8277 | D:9      | Reached **** piety under Okawaru
  8711 | D:9      | Found a sacrificial altar of Ru.
  8899 | D:9      | Noticed a two-headed ogre
  8904 | D:9      | Killed a two-headed ogre
  9151 | D:9      | Noticed Grum
  9166 | D:9      | Killed Grum
  9166 | D:9      | Reached ***** piety under Okawaru
  9324 | D:9      | Noticed a two-headed ogre
  9329 | D:9      | Killed a two-headed ogre
  9329 | D:9      | Received a gift from Okawaru
  9329 | D:9      | Reached skill level 13 in Axes
  9458 | D:9      | Noticed a two-headed ogre
  9479 | D:9      | Killed a two-headed ogre
  9479 | D:9      | Reached XP level 12. HP: 41/68 MP: 15/17
  9948 | D:9      | Received a gift from Okawaru
 10559 | D:10     | Entered Level 10 of the Dungeon
 10559 | D:10     | Noticed a two-headed ogre
 10573 | D:10     | Killed a two-headed ogre
 10815 | D:10     | Noticed a two-headed ogre
 10830 | D:10     | Killed a two-headed ogre
 10944 | D:10     | Reached skill level 14 in Axes
 11005 | D:10     | Found a staircase to the Orcish Mines.
 11278 | D:10     | Noticed a centaur warrior
 11289 | D:10     | Killed a centaur warrior
 11289 | D:10     | Received a gift from Okawaru
 11430 | D:10     | Reached skill level 5 in Shields
 11885 | D:11     | Found a blossoming altar of Fedhas.
 11996 | D:11     | Noticed Gastronok
 12009 | D:11     | Killed Gastronok
 12009 | D:11     | Reached skill level 1 in Dodging
 12082 | D:11     | Noticed a two-headed ogre
 12089 | D:11     | Killed a two-headed ogre
 12152 | D:11     | Gained mutation: Your spells are a little harder to cast, but a little more powerful. [mutagenic meat]
 12187 | D:11     | Reached XP level 13. HP: 74/74 MP: 20/20
 12621 | D:12     | Gained mutation: You are agile. (Dex +2) [mutagenic meat]
 12622 | D:12     | Lost mutation: Your spells are a little harder to cast, but a little more powerful. [mutagenic meat]
 13199 | D:12     | Reached ****** piety under Okawaru
 13815 | D:13     | Reached skill level 15 in Axes
 13817 | D:13     | Found a roughly hewn altar of Beogh.
 13977 | D:13     | Received a gift from Okawaru
 14021 | D:13     | Noticed Maurice
 14042 | D:13     | Killed Maurice
 14884 | D:14     | Gained mutation: Your flesh is cold resistant. (rC+) [mutagenic meat]
 14885 | D:14     | Gained mutation: You are covered in fur. (AC +1) [mutagenic meat]
 14887 | D:14     | Gained mutation: Scrolls take you a little longer to read. [mutagenic meat]
 14888 | D:14     | Gained mutation: You have a pair of small horns on your head. [mutagenic meat]
 14889 | D:14     | Lost mutation: Your flesh is cold resistant. (rC+) [mutagenic meat]
 14899 | D:14     | Noticed a vault guard
 14899 | D:14     | Noticed a vault guard
 14926 | D:14     | Gained mutation: Your large and strong wings let you fly indefinitely. [Gargoyle growth]
 14926 | D:14     | Reached XP level 14. HP: 83/83 MP: 21/21
 14928 | D:14     | Received a gift from Okawaru
 15217 | D:14     | Found a gate to the Vaults.
 15374 | D:14     | Learned a level 2 spell: Passwall
 15377 | D:14     | Learned a level 2 spell: Swiftness
 15382 | D:14     | Learned a level 4 spell: Passage of Golubria
 15789 | D:15     | Entered Level 15 of the Dungeon
 15793 | D:15     | Noticed Roxanne
 15821 | D:15     | Cast into level 1 of the Abyss (orc warrior)
 15875 | Abyss:1  | Lost mutation: Your muscles are strong. (Str +2) [a neqoxec]
 15888 | Abyss:1  | Noticed a red draconian
 15902 | Abyss:1  | Killed a red draconian
 15902 | Abyss:1  | Received a gift from Okawaru
 15987 | Abyss:1  | Noticed a tentacled starspawn
 15987 | D:15     | Escaped the Abyss
 16115 | D:15     | Found a staircase to the Depths.
 16130 | D:15     | Reached skill level 5 in Dodging
 16219 | D:15     | Reached skill level 16 in Axes
 16843 | Lair:1   | Entered Level 1 of the Lair of Beasts
 17594 | Lair:1   | Lost mutation: You have a pair of small horns on your head. [potion of mutation]
 17594 | Lair:1   | Lost mutation: You are agile. (Dex +2) [potion of mutation]
 17594 | Lair:1   | Lost mutation: Your body sometimes deteriorates upon taking damage. [potion of mutation]
 17594 | Lair:1   | Lost mutation: Scrolls take you a little longer to read. [potion of mutation]
 17594 | Lair:1   | Lost mutation: You have large cloven feet. [potion of mutation]
 17594 | Lair:1   | Gained mutation: You are clumsy. (Dex -2) [potion of mutation]
 17594 | Lair:1   | Lost mutation: You are clumsy. (Dex -2) [potion of mutation]
 17896 | Lair:2   | Reached XP level 15. HP: 90/90 MP: 22/22
 17948 | Lair:2   | Noticed Erica
 17959 | Lair:2   | Killed Erica
 18095 | Lair:2   | Found an ancient bone altar of Kikubaaqudgha.
 18147 | Lair:2   | Found a hole to the Spider Nest.
 18234 | Lair:2   | Received a gift from Okawaru
 18299 | Lair:2   | Found a staircase to the Shoals.
 18776 | Lair:3   | Received a gift from Okawaru
 19173 | Lair:4   | Noticed Kirke
 19175 | Lair:4   | Got a jet-studded plate armour
 19197 | Lair:4   | Killed Kirke
 19218 | Lair:4   | Identified the +8 plate armour of Pisal {rPois Stlth+} (You found it on level 4 of the Lair of Beasts)
 20679 | Lair:5   | Reached skill level 10 in Fighting
 21365 | Lair:6   | Entered Level 6 of the Lair of Beasts
 21464 | Lair:6   | Received a gift from Okawaru
 21482 | Lair:6   | Reached skill level 10 in Armour
 21585 | Lair:6   | Reached skill level 10 in Shields
 21600 | Lair:6   | Found a large runed door.
 21600 | Lair:6   | Found a large runed door.
 21992 | Lair:6   | Found a staircase to the Slime Pits.
 22714 | Lair:6   | Got a slimy silver ring
 22729 | Lair:6   | Identified the ring "Nuryokof" {*Drain rF+ Dex+2 Slay+5 Stlth+} (You found it on level 6 of the Lair of Beasts)
 23211 | Orc:1    | Entered Level 1 of the Orcish Mines
 23344 | Orc:1    | Noticed an orc warlord
 23349 | Orc:1    | Reached skill level 17 in Axes
 23374 | Orc:1    | Reached XP level 16. HP: 71/98 MP: 23/23
 23602 | Orc:2    | Entered Level 2 of the Orcish Mines
 23630 | Orc:2    | Found Riah's Antique Armour Emporium.
 23662 | Orc:2    | Found Cupnua Toig's General Store.
 23707 | Orc:2    | Bought a potion of agility for 48 gold pieces
 23757 | Orc:2    | Found Fafem's Antique Weapon Shop.
 23788 | Orc:2    | Found a staircase to the Elven Halls.
 23806 | Orc:2    | Bought a fine plate armour for 784 gold pieces
 23922 | Orc:2    | Found Koenk's Jewellery Emporium.
 23957 | Orc:2    | Bought the ring of the Ancient Orbs {rElec rC+ rN+ Str+4} for 592 gold pieces
 23957 | Orc:2    | Bought an uncursed ring of resist corrosion for 240 gold pieces
 23967 | Orc:2    | Identified the cursed +1 plate armour of Deovun {-Cast +Inv rN+++ Str-3} (You bought it in a shop on level 2 of the Orcish Mines)
 24066 | Orc:2    | Found Emapruc's Armour Shop.
 24355 | Orc:2    | Received a gift from Okawaru
 24517 | Spider:1 | Entered Level 1 of the Spider Nest
 25218 | Spider:2 | Noticed Arachne
 25248 | Spider:2 | Killed Arachne
 25353 | Spider:2 | Noticed Aizul
 25376 | Spider:2 | Killed Aizul
 25384 | Spider:2 | Gained mutation: You are dopey. (Int -2) [mutagenic meat]
 25385 | Spider:2 | Gained mutation: You can translocate small distances at will. [mutagenic meat]
 25386 | Spider:2 | Gained mutation: Your magical capacity is low. (-10% MP) [mutagenic meat]
 25387 | Spider:2 | Gained mutation: Scrolls take you a little longer to read. [mutagenic meat]
 25388 | Spider:2 | Lost mutation: Scrolls take you a little longer to read. [potion of mutation]
 25388 | Spider:2 | Lost mutation: You are dopey. (Int -2) [potion of mutation]
 25388 | Spider:2 | Lost mutation: Your magical capacity is low. (-10% MP) [potion of mutation]
 25388 | Spider:2 | Gained mutation: You have very sharp teeth. [potion of mutation]
 25388 | Spider:2 | Lost mutation: You can translocate small distances at will. [potion of mutation]
 25388 | Spider:2 | Gained mutation: You have large cloven feet. [potion of mutation]
 25388 | Spider:2 | Gained mutation: You are agile. (Dex +2) [potion of mutation]
 25489 | Spider:2 | Received a gift from Okawaru
 25809 | Spider:3 | Reached XP level 17. HP: 106/106 MP: 24/24
 25986 | Spider:3 | Identified the +9 plate armour of Qazlal's Condemnation {MR+ Int+4} (You found it on level 3 of the Spider Nest)
 26571 | Spider:4 | Entered Level 4 of the Spider Nest
 26833 | Spider:4 | Reached skill level 18 in Axes
 26839 | Spider:4 | Received a gift from Okawaru
 26857 | Spider:4 | Slain by a wolf spider

Skill      XL: |  1  2  3  4  5  6  7  8  9 10 11 12 13 14 15 16 17 |
---------------+----------------------------------------------------+-----
Axes           | 2 3 4 6 7 8 9 11 13 14 15 16 17 18 | 18.0
Evocations     | 1 3 5 6 |  6.2
Fighting       | 4 5 7 9 10 11 12 | 12.5
Armour         | 4 5 7 9 10 11 | 11.6
Shields        | 4 5 7 9 10 11 | 11.5
Invocations    | 5 7 9 |  9.4
Dodging        | 1 4 5 7 8 |  8.4

Action                   |  1- 3 |  4- 6 |  7- 9 | 10-12 | 13-15 | 16-18 || total
-------------------------+-------+-------+-------+-------+-------+-------++-------
Melee: War axe           |   113 |   132 |   484 |    61 |       |       ||   790
       Kick              |       |       |    81 |   165 |    32 |       ||   278
       Battleaxe         |       |       |       |   280 |       |       ||   280
       Falchion          |       |       |       |     5 |       |       ||     5
       Broad axe         |       |       |       |   272 |  1219 |   562 ||  2053
       Headbutt          |       |       |       |       |    82 |       ||    82
       Bite              |       |       |       |       |       |    32 ||    32
Invok: Heroism           |       |       |       |     6 |     9 |     4 ||    19
       Finesse           |       |       |       |       |     1 |       ||     1
 Abil: Evoke Berserk Rag |       |     2 |     6 |     1 |     6 |       ||    15
       Fly               |       |       |       |       |     3 |     1 ||     4
       Stop Flying       |       |       |       |       |     3 |     1 ||     4
  Use: Scroll            |       |       |    16 |    13 |    16 |     6 ||    51
       Potion            |       |       |     2 |     3 |     3 |     5 ||    13
 Stab: Sleeping          |       |       |       |     1 |       |       ||     1
       Petrified         |       |       |       |       |     1 |       ||     1
  Eat: Chunk             |       |     4 |    15 |    22 |    39 |     9 ||    89
       Meat ration       |       |       |     2 |       |       |       ||     2
       Royal jelly       |       |       |       |     6 |       |     5 ||    11
       Fruit             |       |       |       |       |    15 |     3 ||    18
Armor: Scale mail        |    52 |    69 |   260 |   386 |   379 |       ||  1146
       Plate armour      |       |       |       |       |   271 |   460 ||   731
Dodge: Dodged            |    30 |    55 |   107 |   260 |   415 |   371 ||  1238
       Deflected         |       |       |       |       |    22 |     8 ||    30
Block: Shield            |    49 |    57 |   212 |   159 |   705 |   421 ||  1603
       Rpst.: Falchion   |       |       |       |     1 |       |       ||     1
